 Dungeon Crawl Stone Soup version 0.19.1 (webtiles) character file.

562 andlin the Slasher (level 7, -25/54 HPs)
             Began as a Human Berserker on Dec 27, 2016.
             Was a Priest of Trog.
             Annihilated by a large abomination (34 damage)
             ... on level 1 of the Abyss.
             The game lasted 00:57:57 (6136 turns).

andlin the Slasher (Human Berserker)                Turns: 6136, Time: 00:57:58

Health: -25/54     AC: 12    Str: 23    XL:     7   Next: 57%
Magic:  7/7        EV:  7    Int:  7    God:    Trog [***...]
Gold:   246        SH:  9    Dex: 13    Spells: 0 memorised, 6 levels left

rFire  . . .     SeeInvis .     a - +1 falchion
rCold  . . .     Gourm    .     F - +1 chain mail
rNeg   . . .     Faith    .     f - +0 shield
rPois  .         Spirit   .     (no helmet)
rElec  .         Reflect  .     w - +0 cloak
rCorr  .         Harm     .     v - +0 pair of gloves
MR     +....                    (no boots)
Stlth  ..........               (no amulet)
                                B - ring of protection from magic
                                z - +4 ring of strength

@: very slightly contaminated, hasted, very quick
A: no striking features
a: Berserk, Trog's Hand, Burn Spellbooks, Renounce Religion


You were on level 1 of the Abyss.
You worshipped Trog.
Trog was most pleased with you.
You were hungry.

You visited 1 branch of the dungeon, and saw 5 of its levels.
You visited the Abyss 1 time.

You collected 246 gold pieces.

Inventory:

Hand Weapons
 a - a +1 falchion (weapon)
 J - a +0 short sword of holy wrath
Missiles
 o - 21 stones (quivered)
 P - 2 javelins
Armour
 b - a +0 animal skin
 f - a +0 shield (worn)
 t - a +0 ring mail
 v - a +0 pair of gloves (worn)
 w - a +0 cloak (worn)
 C - a +0 ring mail
 F - a +1 chain mail (worn)
Jewellery
 z - a +4 ring of strength (left hand)
 B - a ring of protection from magic (right hand)
Wands
 l - a wand of heal wounds (6/9)
Scrolls
 d - 3 scrolls of remove curse {unknown}
 e - 6 scrolls of identify {unknown}
 i - 3 scrolls of fog {unknown}
 m - a scroll of blinking {unknown}
 n - 5 scrolls of teleportation {unknown}
Potions
 g - a potion of flight
 D - 3 potions of curing
 H - a potion of cure mutation {unknown}
 K - a potion of berserk rage {unknown}
Comestibles
 c - 5 bread rations
 h - a meat ration
 j - 2 fruits


   Skills:
 + Level 4.3 Fighting
 + Level 5.5 Long Blades
 + Level 3.6 Armour
 + Level 3.4 Dodging
 + Level 0.9 Stealth
 + Level 2.1 Shields


You had 6 spell levels left.
You didn't know any spells.

Dungeon Overview and Level Annotations

Branches:
Dungeon (5/15)
 Temple: D:4-7

Altars:
Cheibriados
Dithmenos
Gozag
Hepliaklqana
Nemelex Xobeh
Xom


Message History

As you read the scroll labeled JIPRUB ZECAEB, it crumbles to dust.
It is a scroll of enchant weapon.
Your +0 falchion glows red for a moment.
The large abomination barely misses you.
You hit the large abomination but do no damage.
The large abomination is heavily damaged.
You block the large abomination's attack.
You hit the large abomination.
The large abomination is severely damaged.
You are feeling hungry.
The large abomination closely misses you.
You hit the large abomination.
The large abomination is severely damaged.
The large abomination hits you.
* * * LOW HITPOINT WARNING * * *
As you read the scroll labeled UNEFRI UXURAA, it crumbles to dust.
It is a scroll of amnesia.
You feel forgetful for a moment. The large abomination hits you!!
Ouch! That really hurt!
You die...

# . .#.#
#... #..
######.#.#
#........#
#.@### ..
#...X#
#.#..#
#.#..#
.....
....#..
....#..
#...


You could see a large abomination.

Vanquished Creatures
  A centaur zombie (D:3)
  An orc priest (D:4)
  3 orc wizards (D:4)
  A bullfrog skeleton (D:4)
  Natasha (thrice) (D:4)
  2 iguanas (D:4)
  2 worker ants (D:4)
  3 gnolls (D:2)
  6 adders
  An ooze (D:3)
  3 worms
  3 dart slugs (D:1)
  2 leopard geckos (D:1)
  19 orcs
  4 giant cockroaches
  8 goblins
  6 hobgoblins
  13 jackals
  5 kobolds
  3 quokkas
  6 bats
  8 frilled lizards
  A quokka skeleton (D:4)
  7 rats
111 creatures vanquished.

Notes
Turn   | Place    | Note
-------+----------+-------------------------------------------
     0 | D:1      | andlin the Human Berserker began the quest for the Orb.
     0 | D:1      | Reached XP level 1. HP: 18/18 MP: 1/1
    23 | D:1      | Reached XP level 2. HP: 8/24 MP: 2/2
   640 | D:1      | Reached XP level 3. HP: 24/29 MP: 3/3
  1116 | D:1      | Reached ** piety under Trog
  1503 | D:2      | Reached XP level 4. HP: 10/35 MP: 4/4
  1925 | D:2      | Reached skill level 4 in Long Blades
  1935 | D:2      | Reached XP level 5. HP: 8/41 MP: 5/5
  2341 | D:2      | Found a snail-covered altar of Cheibriados.
  3333 | D:3      | Found a shimmering altar of Xom.
  3335 | D:3      | Found a hazy altar of Hepliaklqana.
  3335 | D:3      | Noticed a Killer Klown
  3336 | D:3      | Noticed a Killer Klown
  3336 | D:3      | Noticed a spectral ugly thing
  3372 | D:3      | Found a shadowy altar of Dithmenos.
  3465 | D:3      | Found a faded altar of an unknown god.
  3892 | D:3      | Found a sparkling altar of Nemelex Xobeh.
  3892 | D:3      | Found an opulent altar of Gozag.
  3903 | D:3      | Reached XP level 6. HP: 46/48 MP: 6/6
  4239 | D:4      | Reached skill level 1 in Shields
  4478 | D:4      | Noticed Natasha
  4499 | D:4      | Killed Natasha
  4821 | D:4      | Reached skill level 5 in Long Blades
  4886 | D:4      | Noticed Natasha
  4901 | D:4      | Killed Natasha
  5002 | D:4      | Reached *** piety under Trog
  5017 | D:4      | Reached XP level 7. HP: 28/54 MP: 7/7
  5397 | D:4      | Noticed Natasha
  5416 | D:4      | Killed Natasha
  6018 | D:5      | Entered Level 5 of the Dungeon
  6020 | D:4      | Cast into level 1 of the Abyss (orc)
  6102 | Abyss:1  | Noticed a large abomination
  6136 | Abyss:1  | Annihilated by a large abomination

Skill      XL: |  1  2  3  4  5  6  7 |
---------------+----------------------+-----
Long Blades    | 4 5 |  5.5
Dodging        | 3 |  3.4
Shields        | 1 2 |  2.1
Armour         | 3 |  3.6
Fighting       | 4 |  4.3
Stealth        | |  0.9

Action                   |  1- 3 |  4- 6 |  7- 9 || total
-------------------------+-------+-------+-------++-------
Melee: Falchion          |    90 |   247 |   124 ||   461
Throw: Stone             |       |     2 |    13 ||    15
Invok: Berserk           |     4 |     4 |     2 ||    10
       Trog's Hand       |       |       |     1 ||     1
Evoke: Wand              |       |       |     1 ||     1
  Use: Potion            |     1 |     2 |     3 ||     6
       Scroll            |       |       |     6 ||     6
  Eat: Chunk             |     3 |     5 |     2 ||    10
       Meat ration       |     1 |     1 |       ||     2
       Bread ration      |       |     1 |       ||     1
       Fruit             |       |       |     1 ||     1
       Beef jerky        |       |       |     1 ||     1
Armor: Animal skin       |    15 |     6 |       ||    21
       Ring mail         |       |    20 |       ||    20
       Chain mail        |       |    57 |    49 ||   106
Dodge: Dodged            |    79 |    82 |    27 ||   188
Block: Shield            |     4 |    87 |    40 ||   131
       Rpst.: Falchion   |    22 |    26 |     6 ||    54
